AoeStats
← Camarogo7150

Arena

506018930Analyzed
2v2 RM · 22d ago on Sep 12, 2026· 40m 52s· 4 players
Game mode
Random Map
Map size
Medium (4 player)
Population
200
Speed
Normal
Resources
Standard
Victory
Conquest
Starting age
Dark Age
Ending age
Imperial Age
RankedLock teamsTeams togetherTeam positionsShared explorationLock speedFull tech treeHidden civsTurbo modeCheats
Victory
Defeat
🇺🇸 Turks · United States
1113
+17
🇨🇱 Teutons · Chile
1072
+18
🇮🇳 Lithuanians · India
1148
-18
🇨🇴 Vietnamese · Colombia
1120
-17
KING DAVID
10:03 Loom
11:50 Feudal Age
15:51 Castle Age
14:05 Double-Bit Axe
14:27 Horse Collar
18:17 Bow Saw
18:29 Gold Mining
21:58 Heavy Plow
22:35 Stone Mining
23:54 Wheelbarrow
23:20 Crossbowman
23:22 Light Cavalry
24:27 Scale Barding Armor
24:49 Fortified Wall
25:14 Forging
26:07 Bloodlines
27:09 Husbandry
27:18 Thumb Ring
27:48 Chain Barding Armor
27:35 Husbandry
28:03 Treadmill Crane
28:24 Fletching
29:02 Padded Archer Armor
30:01 Ballistics
30:40 Bodkin Arrow
36:53 Leather Archer Armor
41:04 Stone Shaft Mining
Camarogo7150
0:28 Loom
12:17 Feudal Age
14:49 Wheelbarrow
14:01 Double-Bit Axe
13:59 Horse Collar
18:38 Castle Age
19:57 Man-at-Arms
21:06 Forging
20:57 Scale Mail Armor
21:03 Long Swordsman
26:35 Iron Casting
28:12 Chain Mail Armor
PsyCh0tiC
11:33 Feudal Age
11:17 Loom
15:39 Castle Age
13:51 Horse Collar
15:27 Double-Bit Axe
23:03 Imperial Age
21:11 Bow Saw
22:13 Wheelbarrow
21:58 Gold Mining
23:04 Padded Archer Armor
32:18 Heavy Cavalry Archer
33:28 Parthian Tactics
33:51 Fletching
35:11 Bodkin Arrow
37:07 Bracer
37:24 Leather Archer Armor
CowHeaD2oo3
11:03 Feudal Age
11:30 Double-Bit Axe
16:01 Castle Age
16:38 Man-at-Arms
23:20 Arson
28:50 Wheelbarrow
33:11 Stone Mining
33:13 Gold Mining
33:28 Loom
33:41 Horse Collar
36:40 Imperial Age
35:11 Scale Barding Armor
35:16 Forging
36:45 Chain Barding Armor
36:45 Bow Saw
36:41 Fletching
36:54 Town Watch
37:47 Conscription
37:51 Cavalier
39:08 Plate Barding Armor
39:37 Iron Casting
39:01 Bodkin Arrow
39:24 Bloodlines
40:00 Crenellations
40:00 Town Patrol
Connection lost

Rejoining the realm…

Still unreachable

The connection could not be restored.

Session expired

The server has moved on; the page needs a fresh start.